 Dungeon Crawl Stone Soup version 0.19.0-18-g426998a (webtiles) character file.

99 Delusion the Insei (level 4, 0/28 HPs)
             Began as an Octopode Transmuter on Nov 12, 2016.
             Succumbed to miscasting Spider Form's residual poison
             ... on level 2 of the Dungeon.
             The game lasted 00:06:50 (1847 turns).

Delusion the Insei (Octopode Transmuter)            Turns: 1847, Time: 00:06:51

Health: 0/28       AC:  1    Str:  9    XL:     4   Next: 72%
Magic:  1/7        EV: 13    Int: 16    God:
Gold:   72         SH:  0    Dex: 12    Spells: 2 memorised, 3 levels left

rFire  . . .     SeeInvis .       - Unarmed
rCold  . . .     Gourm    .     (no shield)
rNeg   . . .     Faith    .     (helmet restricted)
rPois  .         Spirit   .     (no amulet)
rElec  .         Reflect  .     (no ring)
rCorr  .         Harm     .     (no ring)
MR     .....                    (no ring)
Stlth  +++.......               (no ring)
                                (no ring)
                                (no ring)
                                (no ring)
                                (no ring)

@: lethally poisoned (0 -> -8), very slightly contaminated
A: almost no armour, stealthy swim, amphibious, 8 rings, constrict 8, camouflage
1, gelatinous body 1
a: no special abilities


You were on level 2 of the Dungeon.
You were not hungry.

You visited 1 branch of the dungeon, and saw 2 of its levels.

You collected 72 gold pieces.

Inventory:

Hand Weapons
 f - a +0 dagger of protection
Missiles
 a - 12 arrows
Scrolls
 d - a scroll of enchant armour {unknown}
 e - a scroll of immolation {unknown}
 g - a scroll of identify {unknown}
Books
 b - a book of Changes

   Spells                             Type                      Level
   a - Beastly Appendage              Transmutation                1
   b - Sticks to Snakes               Transmutation                2
   c - Spider Form                    Transmutation/Poison         3
   d - Ice Form                       Ice/Transmutation            4
   e - Blade Hands                    Transmutation                5
Comestibles
 c - 3 bread rations


   Skills:
 - Level 1.0 Fighting
 - Level 2.0 Dodging
 * Level 2.4 Stealth
 + Level 4.4 Unarmed Combat
 - Level 2.2 Spellcasting
 + Level 2.4 Transmutations


You had 3 spell levels left.
You knew the following spells:

 Your Spells              Type           Power        Failure   Level  Hunger
a - Beastly Appendage     Tmut           #.....       10%         1    #......
b - Spider Form           Tmut/Pois      #.........   38%         3    ###....


Dungeon Overview and Level Annotations

Branches:
Dungeon (2/15)

Altars:
Hepliaklqana
Vehumet

Annotations:
D:2 Terence


Innate Abilities, Weirdness & Mutations

You cannot wear most types of armour.
You are very stealthy in the water. (Stealth+)
You are amphibious.
You can wear up to eight rings at the same time.
You can use your tentacles to constrict eight enemies at once.
Your skin changes colour to match your surroundings (Stealth+).
Your rubbery body absorbs attacks. (AC +1, EV +1)


Message History

Nothing appears to happen.
Casting: Spider Form
Confirm with . or Enter, or press ? or * to list all spells.
You miscast Spider Form.
You are more poisoned.
You feel sick.
* * * LOW HITPOINT WARNING * * *
You feel sick.
Casting: Spider Form
Confirm with . or Enter, or press ? or * to list all spells.
You don't know that spell.
Casting: Spider Form
Confirm with . or Enter, or press ? or * to list all spells.
You don't have enough magic to cast that spell.
Casting: Spider Form
Confirm with . or Enter, or press ? or * to list all spells.
You don't have enough magic to cast that spell.
* * * LOW HITPOINT WARNING * * *
You feel sick.
You die...

..h.h.. #######
....@.. #.....#
....S.. #.....#
....... #.....#
.......### #.....#
.........###.....#
.......h.........#
........####.....#
........# #@....#
........# #.....#
........# #.....#
.......## ##.####
......# #..#
.#######.#####
#.## ....###
....###.####
......#
#..........#
####..#
#..........#


There were no monsters in sight!

Vanquished Creatures
  Ijyb (D:2)
  2 adders (D:2)
  4 dart slugs
  A giant cockroach (D:2)
  4 goblins
  6 hobgoblins
  2 jackals (D:2)
  A quokka (D:2)
  8 bats
  4 frilled lizards
  A giant cockroach zombie (D:1)
  A jackal zombie (D:1)
  9 kobolds
  2 rats
46 creatures vanquished.

Notes
Turn   | Place    | Note
-------+----------+-------------------------------------------
     0 | D:1      | Delusion the Octopode Transmuter began the quest for the Orb.
     0 | D:1      | Reached XP level 1. HP: 13/13 MP: 3/3
    94 | D:1      | Reached XP level 2. HP: 16/18 MP: 5/5
   562 | D:1      | Reached XP level 3. HP: 4/23 MP: 6/6
  1142 | D:1      | Reached skill level 1 in Stealth
  1163 | D:1      | Learned a level 3 spell: Spider Form
  1200 | D:2      | Found a hazy altar of Hepliaklqana.
  1213 | D:2      | Noticed Ijyb
  1244 | D:2      | Killed Ijyb
  1244 | D:2      | Reached skill level 4 in Unarmed Combat
  1244 | D:2      | Reached XP level 4. HP: 8/28 MP: 7/7
  1515 | D:2      | Found a radiant altar of Vehumet.
  1814 | D:2      | Noticed Terence
  1845 | D:2      | HP: 1/28 [poisoned by miscasting Spider Form (residual poison)]
  1847 | D:2      | Succumbed to miscasting Spider Form's residual poison

Skill      XL: |  1  2  3 |
---------------+----------+-----
Stealth        | 2 |  2.4
Unarmed Combat | 4 |  4.4
Fighting       | |  1.0
Dodging        | |  2.0
Spellcasting   | |  2.2
Transmutations | |  2.4

Action                   |  1- 3 |  4- 6 || total
-------------------------+-------+-------++-------
Melee: Unarmed           |    97 |    31 ||   128
       Constrict         |    22 |     6 ||    28
       Tentacles         |     7 |     4 ||    11
       Punch             |     4 |       ||     4
       Kick              |     5 |     6 ||    11
 Cast: Beastly Appendage |     4 |     4 ||     8
  Use: Potion            |     1 |       ||     1
 Stab: Sleeping          |     3 |       ||     3
  Eat: Chunk             |     1 |     2 ||     3
Armor: Skin              |    47 |     9 ||    56
Dodge: Dodged            |   106 |    19 ||   125
